 Dungeon Crawl Stone Soup version 0.24.0-125-gc4c63601f3 (webtiles) character file.

Game seed: 15611116607267968788, levelgen mode: deterministic

516 Johnny the Chiller (level 7, 41/50 HPs)
             Began as a Black Draconian Ice Elementalist on Mar 4, 2020.
             Got out of the dungeon alive.
             The game lasted 00:05:19 (2997 turns).

Johnny the Chiller (DrIE)                           Turns: 2997, Time: 00:05:20

Health: 41/50      AC:  8    Str: 10    XL:     7   Next: 0%
Magic:  14/14      EV: 12    Int: 18    God:
Gold:   204        SH:  0    Dex: 11    Spells: 15/16 levels left

rFire    . . .     SeeInvis .   t - +2 dagger (holy)
rCold    . . .     Gourm    .   (no shield)
rNeg     . . .     Faith    .   (armour unavailable)
rPois    .         Spirit   .   (helmet restricted)
rElec    +         Reflect  .   f - +0 cloak
rCorr    .         Harm     +   c - +0 pair of gloves
MR       .....     Rnd*Tele +   (no boots)
Stlth    ++........             k - amulet of harm
HPRegen  0.16/turn              d - ring of teleportation (curse)
MPRegen  0.14/turn              (no ring)

@: no status effects
A: breathe lightning, unfitting armour, electricity resistance, cold-blooded, AC
+6
a: Breathe Lightning


You escaped.
You were hungry.

You visited 1 branch of the dungeon, and saw 4 of its levels.

You collected 204 gold pieces.

Inventory:

Hand Weapons
 t - a +2 dagger of holy wrath (weapon)
Armour
 c - a +0 pair of gloves (worn)
 f - a +0 cloak (worn)
Jewellery
 d - a cursed ring of teleportation (left hand)
 e - an uncursed amulet of the acrobat
 k - an amulet of harm (around neck)
Wands
 a - a wand of paralysis (5)
Scrolls
 i - a scroll of teleportation
 j - a scroll of immolation
 l - a scroll of enchant weapon {unknown}
 o - a scroll of noise {unknown}
 p - 2 scrolls of remove curse {unknown}
Potions
 g - a potion of mutation
 h - a potion of curing
 m - 2 potions of brilliance
 n - a potion of cancellation
 q - 3 potions of heal wounds {unknown}
 r - a potion of magic {unknown}
Comestibles
 b - 8 rations


   Skills:
 - Level 1.7 Dodging
 - Level 1.7 Stealth
 + Level 5.1 Spellcasting
   Level 1.0 Conjurations
 + Level 6.0 Ice Magic


You had 15 spell levels left.
You knew the following spells:

 Your Spells              Type           Power        Failure   Level  Hunger
a - Freeze                Ice            ####         1%          1    None

Your spell library contained the following spells:

 Spells                   Type           Power        Failure   Level  Hunger
 Throw Frost              Conj/Ice       ###...       4%          2    #......
 Ozocubu's Armour         Chrm/Ice       ###.....     12%         3    ##.....
 Throw Icicle             Conj/Ice       ###.....     30%         4    ####...
 Summon Ice Beast         Ice/Summ       ###.....     36%         4    ####...


Dungeon Overview and Level Annotations

Branches:
Dungeon (4/15)
 Temple: D:4-7

Altars:


Innate Abilities, Weirdness & Mutations

You can breathe wild blasts of lightning.
Your glossy black scales are hard. (AC +6)
You cannot fit into any form of body armour.
You are resistant to electric shocks. (rElec)
You are cold-blooded and may be slowed by cold attacks.


Message History

There is a stone staircase leading down here.
Magic restored.
Things that are here:
a +0 chain mail; a +0 trident; a +0 club
There is a stone staircase leading up here.
You climb upwards.
There is a stone staircase leading down here.
There is an open door here.
There is a fountain of clear blue water here.
There is a fountain of clear blue water here.
There is an open door here.
There is a stone staircase leading up here.
You climb upwards.
There is a stone staircase leading down here.
You open the door.
There is an open door here.
You see here a dagger.
There is a staircase leading out of the dungeon here.
Are you sure you want to leave the Dungeon?
This will make you lose the game!
You have escaped!

#.....# #.## #############
#.#...###.### ............#
#...#.......## ...†).......#
#............#
##################.........#
..# #######.#8.#.........# #.#
#..........#.........#
#.#####8..8..8...#......÷..#
.((...'.........@#.........#
....###8..8..8...#.........#
......#.......)..#.........###
##....#######.#8.#...........#
...........)#'####...........#
.......##...#.#>.............#
............#.#..............#
..)......#..#.#..............#
.........##.#.##.............#


There were no monsters in sight!

Vanquished Creatures
  Grinder (D:3)
  Jessica (D:3)
  Terence (D:3)
  3 worker ants (D:4)
  Robin (D:3)
  7 adders
  2 oozes (D:2)
  4 worms
  A dart slug (D:2)
  A leopard gecko (D:1)
  7 orcs
  A ball python (D:3)
  5 bats
  4 giant cockroaches
  14 hobgoblins
  A quokka (D:3)
  8 frilled lizards
  16 goblins
  A jackal skeleton (D:4)
  7 kobolds
  9 rats
95 creatures vanquished.

Notes
Turn   | Place    | Note
-------+----------+-------------------------------------------
     0 | D:1      | Johnny the Draconian Ice Elementalist began the quest for
                  | the Orb.
     0 | D:1      | Reached XP level 1. HP: 14/14 MP: 3/3
   231 | D:1      | Reached XP level 2. HP: 14/20 MP: 1/5
   687 | D:2      | Reached XP level 3. HP: 23/26 MP: 7/7
   847 | D:2      | Reached skill level 4 in Ice Magic
   854 | D:2      | Reached XP level 4. HP: 16/33 MP: 0/8
  1701 | D:3      | Noticed Grinder
  1731 | D:3      | Noticed Jessica
  1738 | D:3      | Killed Jessica
  1738 | D:3      | Reached XP level 5. HP: 26/38 MP: 6/10
  2140 | D:3      | Noticed Robin
  2149 | D:3      | Killed Robin
  2304 | D:3      | Noticed Terence
  2311 | D:3      | Killed Terence
  2311 | D:3      | Reached skill level 5 in Ice Magic
  2618 | D:3      | Killed Grinder
  2618 | D:3      | Reached XP level 6. HP: 45/45 MP: 11/13
  2643 | D:4      | Reached skill level 5 in Spellcasting
  2912 | D:4      | Reached skill level 6 in Ice Magic
  2912 | D:4      | Your scales start taking on a glossy black colour.
  2912 | D:4      | Reached XP level 7. HP: 27/50 MP: 10/14
  2912 | D:4      | Gained mutation: You are resistant to electric shocks.
                  | (rElec) [Black Draconian growth]
  2997 | D:$      | Got out of the dungeon alive.

Levels and vault maps discovered:
D:1:      elethiomel_arrival_quiet, layout_rooms
D:2:      minmay_chambers_of_twos, layout_loops_ring, serial_glass,
          glass_columns_b, glass_columns_b, feat_on_display, feat_on_display,
          first_ration, grunt_ministairs_11
D:3:      minmay_evil_eye, layout_loops_cross, uniq_terence, uniq_robin,
          uniq_jessica, uniq_grinder
D:4:      layout_rooms, enter_ossuary_3, serial_curves, eino_curves_03,
          eino_curves_03

Skill      XL: |  1  2  3  4  5  6 |
---------------+-------------------+-----
Spellcasting   | 3 4 5 |  5.1
Ice Magic      | 4 5 6 |  6.0
Dodging        | |  1.7
Stealth        | |  1.7
Conjurations   | |  1.0

Action                   |  1- 3 |  4- 6 |  7- 9 || total
-------------------------+-------+-------+-------++-------
Melee: Unarmed           |   102 |    53 |       ||   155
       Tailslap          |     6 |     1 |       ||     7
       Dagger            |       |     9 |       ||     9
 Cast: Freeze            |    37 |    94 |     1 ||   132
Evoke: Wand              |       |     5 |       ||     5
  Use: Potion            |     1 |       |       ||     1
       Scroll            |       |     5 |       ||     5
 Stab: Sleeping          |     4 |     1 |       ||     5
       Paralysed         |       |     3 |       ||     3
  Eat: Chunk             |       |     6 |       ||     6
Armor: Skin              |    48 |    39 |       ||    87
Dodge: Dodged            |    93 |    99 |       ||   192
